 Dungeon Crawl Stone Soup version 0.19.5 (webtiles) character file.

384 tidbits the Slasher (level 6, -5/42 HPs)
             Began as a High Elf Wanderer on Oct 28, 2017.
             Was an Initiate of Cheibriados.
             Slain by a centaur (8 damage)
             ... on level 5 of the Dungeon.
             The game lasted 00:10:19 (740 turns).

tidbits the Slasher (High Elf Wanderer)              Turns: 740, Time: 00:10:19

Health: -5/42      AC:  5    Str: 14    XL:     6   Next: 47%
Magic:  7/7        EV: 12    Int: 18    God:    Cheibriados [......]
Gold:   118        SH:  0    Dex: 15    Spells: 0 memorised, 5 levels left

rFire  + . .     SeeInvis .     a - +2 hand crossbow
rCold  . . .     Gourm    .     B - +0 ring mail (curse)
rNeg   . . .     Faith    .     (no shield)
rPois  .         Spirit   .     (no helmet)
rElec  .         Reflect  .     (no cloak)
rCorr  +         Harm     .     (no gloves)
MR     .....                    (no boots)
Stlth  +.........               u - amulet of rage
                                r - ring of resist corrosion
                                p - ring of protection from fire

@: very slow
A: no striking features
a: Bend Time, Renounce Religion, Evoke Berserk Rage


You were on level 5 of the Dungeon.
You worshipped Cheibriados.
Cheibriados was noncommittal.
You were not hungry.

You visited 2 branches of the dungeon, and saw 6 of its levels.

You collected 118 gold pieces.

Inventory:

Hand Weapons
 a - a +2 hand crossbow (weapon)
 b - a +1 dagger of venom
   (You took it off a kobold on level 1 of the Dungeon)
 g - a +0 blowgun
 h - a +0 flail
   (You found it on level 2 of the Dungeon)
 i - a +0 dagger
   (You took it off a goblin on level 2 of the Dungeon)
 j - a +0 hunting sling
   (You took it off a goblin on level 2 of the Dungeon)
 o - a +0 falchion
   (You found it on level 3 of the Dungeon)
 t - a +1 dagger of draining
   (You took it off an orc on level 5 of the Dungeon)
Missiles
 d - 20 poisoned needles
 k - 40 stones
 m - 33 bolts (quivered)
 n - 36 arrows
 v - 9 sling bullets
Armour
 f - a +0 robe
 B - a cursed +0 ring mail (worn)
   (You found it on level 2 of the Dungeon)
Jewellery
 p - a ring of protection from fire (left hand)
   (You found it on level 3 of the Dungeon)
 r - a ring of resist corrosion (right hand)
   (You found it on level 3 of the Dungeon)
 u - an amulet of rage (around neck)
   (You found it on level 4 of the Dungeon)
Scrolls
 l - 2 scrolls of identify
Comestibles
 c - 3 bread rations
 w - a slice of pizza


   Skills:
 + Level 3.0 Fighting
 * Level 6.5 Long Blades
   Level 1.0 Axes
 - Level 1.0 Crossbows
 - Level 1.0 Throwing
 - Level 3.6 Armour
 + Level 2.7 Dodging
   Level 1.0 Shields


You had 5 spell levels left.
You didn't know any spells.

Dungeon Overview and Level Annotations

Branches:
Dungeon (5/15)             Temple (1/1) D:5

Altars:
Ashenzari
Cheibriados
Dithmenos
Fedhas
Gozag
Sif Muna
Uskayaw
Xom
Yredelemnul
The Shining One
Lugonu

Shops:
D:4 *[


Message History

The flow of time bends around you.
The ogre resists with some effort.
You feel slightly more hungry.
You fail to use your ability.
The ogre hits you with a giant club!
* * * LOW HITPOINT WARNING * * *
The flow of time bends around you.
The ogre resists with some effort.
You feel slightly more hungry. The ogre misses you.
You don't have enough magic at the moment.
You feel better. The ogre hits you with a giant club!
* * * LOW HITPOINT WARNING * * *
You feel better.
It was a potion of ambrosia.
You are confused.
You feel invigorated. The ogre hits you with a giant club!
* * * LOW HITPOINT WARNING * * *
You're too confused!
Unknown command.
You're too confused to move!
The ogre completely misses you. The ogre barely misses you.
You feel less invigorated.
You feel less confused. The ogre hits you with a giant club!
* * * LOW HITPOINT WARNING * * *
Okay, then.
Unknown command.
Unknown command.
Unknown command.
Firing (i - inventory. (,) - cycle):
m - 39 bolts (quivered)
Press: ? - help, Shift-Dir - straight line, f - ogre
Aim: an ogre, wielding a giant club You shoot a bolt.
The bolt hits the ogre!
The ogre is heavily wounded.
The ogre closely misses you.
Firing (i - inventory. (,) - cycle):
m - 38 bolts (quivered)
Press: ? - help, Shift-Dir - straight line, f/p - ogre
Aim: an ogre, wielding a giant club (heavily wounded)
You shoot a bolt. The bolt hits the ogre!
The ogre is almost dead.
The ogre barely misses you.
Firing (i - inventory. (,) - cycle):
m - 37 bolts (quivered)
Press: ? - help, Shift-Dir - straight line, f/p - ogre
Aim: an ogre, wielding a giant club (almost dead)
You shoot a bolt. The bolt hits the ogre!
You kill the ogre!
Cheibriados thoroughly appreciates the change of pace.
Your Fighting skill increases to level 3!
m - 39 bolts (gained 3)
You see here a giant club.
A centaur comes into view.
The centaur shouts!
The centaur wields a shortbow.
The centaur shoots an arrow.
The arrow barely misses you.
You see here an arrow.
The centaur shoots an arrow.
The arrow hits you.
* * * LOW HITPOINT WARNING * * *
You see here an arrow.
Firing (i - inventory. (,) - cycle):
m - 39 bolts (quivered)
Press: ? - help, Shift-Dir - straight line, f - centaur
Aim: a centaur, wielding a shortbow You shoot a bolt.
The bolt hits the centaur.
The centaur is moderately wounded.
The centaur shoots an arrow.
The arrow hits you!
* * * LOW HITPOINT WARNING * * *
Firing (i - inventory. (,) - cycle):
m - 38 bolts (quivered)
Press: ? - help, Shift-Dir - straight line, f/p - centaur
Aim: a centaur, wielding a shortbow (moderately wounded)
You shoot a bolt. The bolt hits the centaur!
The centaur is heavily wounded.
The centaur shoots an arrow.
The arrow hits you but does no damage.
The centaur shoots an arrow.
The arrow barely misses you.
Firing (i - inventory. (,) - cycle):
m - 37 bolts (quivered)
Press: ? - help, Shift-Dir - straight line, f/p - centaur
Aim: a centaur, wielding a shortbow (heavily wounded)
You shoot a bolt. The bolt closely misses the centaur.
You hear the brisk hiss of an avalanche of sand nearby.
The centaur shoots an arrow.
The arrow hits you.
* * * LOW HITPOINT WARNING * * *
Firing (i - inventory. (,) - cycle):
m - 36 bolts (quivered)
Press: ? - help, Shift-Dir - straight line, f/p - centaur
Aim: a centaur, wielding a shortbow (heavily wounded)
You shoot a bolt.
The bolt hits the centaur but does no damage.
The centaur is heavily wounded.
The centaur unwields an uncursed shortbow.
The centaur hits you but does no damage.
Okay, then.
Firing (i - inventory. (,) - cycle):
m - 35 bolts (quivered)
Press: ? - help, Shift-Dir - straight line, f/p - centaur
Aim: a centaur (heavily wounded)
You shoot a bolt. The bolt barely misses the centaur.
The centaur barely misses you. The centaur hits you.
* * * LOW HITPOINT WARNING * * *
You aren't carrying any potions.
Unknown command.
Firing (i - inventory. (,) - cycle):
m - 34 bolts (quivered)
Press: ? - help, Shift-Dir - straight line, f/p - centaur
Aim: a centaur (heavily wounded)
You shoot a bolt. The bolt hits the centaur.
The centaur is heavily wounded.
The centaur hits you!
You die...

#.....#########.)........##.
##..###.......####........#.
#...............###........
#....†...8........#........
###..........)....#........
####.......###..##.....#.
..#########.....#....##.
..(.............#..###..
...((.c@(.(....8#### .#
#...........#####
#############


You could see a centaur.

Vanquished Creatures
  2 sky beasts (D:5)
  An ogre (D:5)
  A water moccasin skeleton (D:4)
  A hound (D:4)
  A worker ant (D:4)
  2 worms
  A leopard gecko (D:5)
  An orc (D:5)
  3 giant cockroaches
  2 goblins
  2 hobgoblins
  3 quokkas
  A ball python zombie (D:5)
  A bat (D:2)
  A frilled lizard (D:2)
  2 kobolds
  2 rats
27 creatures vanquished.

Notes
Turn   | Place    | Note
-------+----------+-------------------------------------------
     0 | D:1      | tidbits the High Elf Wanderer began the quest for the Orb.
     0 | D:1      | tidbits set off with: a +2 hand crossbow, 22 bolts, a potion of lignification, 9 poisoned needles, a +0 blowgun, a +0 robe, a bread ration
     0 | D:1      | Reached XP level 1. HP: 14/14 MP: 2/2
    30 | D:2      | Reached skill level 1 in Dodging
    42 | D:2      | Reached XP level 2. HP: 14/20 MP: 3/3
    78 | D:2      | Found a shadowy altar of Dithmenos.
   291 | D:4      | Found Foshut's Elemental Accessories.
   305 | D:4      | Reached skill level 2 in Long Blades
   305 | D:4      | Reached XP level 3. HP: 20/25 MP: 4/4
   329 | D:4      | Reached skill level 3 in Long Blades
   329 | D:4      | Reached XP level 4. HP: 18/30 MP: 5/5
   348 | D:5      | Entered Level 5 of the Dungeon
   348 | D:5      | Noticed a sky beast
   351 | D:5      | Found a staircase to the Ecumenical Temple.
   421 | D:5      | Killed a sky beast
   421 | D:5      | Reached skill level 5 in Long Blades
   421 | D:5      | Reached XP level 5. HP: 21/35 MP: 6/6
   430 | Temple   | Entered the Ecumenical Temple
   450 | Temple   | Became a worshipper of Cheibriados the Contemplative
   499 | D:4      | Found Womedo Inih's Antique Armour Shoppe.
   575 | D:5      | Noticed a sky beast
   599 | D:5      | Killed a sky beast
   599 | D:5      | Reached skill level 6 in Long Blades
   599 | D:5      | Reached skill level 2 in Dodging
   599 | D:5      | Reached XP level 6. HP: 15/41 MP: 7/7
   714 | D:5      | HP: 4/41 [ogre/giant club (15)]
   723 | D:5      | Reached skill level 3 in Fighting
   737 | D:5      | HP: 4/42 [centaur/arrow (3)]
   740 | D:5      | Slain by a centaur

Skill      XL: |  1  2  3  4  5  6 |
---------------+-------------------+-----
Dodging        | 1 2 |  2.7
Long Blades    | 2 3 5 6 |  6.5
Fighting       | 3 |  3.0
Axes           | |  1.0
Crossbows      | |  1.0
Throwing       | |  1.0
Armour         | |  3.6
Shields        | |  1.0

Action                   |  1- 3 |  4- 6 || total
-------------------------+-------+-------++-------
Melee: Dagger            |    11 |     6 ||    17
       Unarmed           |       |    20 ||    20
 Fire: Hand crossbow     |    29 |    30 ||    59
Invok: Bend Time         |       |     2 ||     2
  Use: Potion            |       |     4 ||     4
       Scroll            |       |     1 ||     1
Armor: Ring mail         |     3 |    10 ||    13
       Skin              |       |    17 ||    17
Dodge: Dodged            |    15 |    24 ||    39

Table legend:
 A = Turns spent in this place as a percentage of turns spent in the entire game.
 B = Non-inter-level travel turns spent in this place as a percentage of non-inter-level travel turns spent in the entire game.
 C = Inter-level travel turns spent in this place as a percentage of turns spent in this place.
 D = Turns resting spent in this place as a percentage of non-inter-level travel turns spent in this place.
 E = Turns spent auto-exploring this place as a percentage of non-inter-level travel turns spent in this place.
 F = Non-inter-level travel turns spent in this place divided by the number of levels of this place that you've seen.
                   A       B       C       D       E      F
               +-------+-------+-------+-------+-------+----------------------
         Total | 100.0 | 100.0 |   0.1 |   0.0 |   0.0 | 114.8
       Dungeon |  96.4 |  96.5 |   0.0 |   0.0 |   0.0 | 133.0
        Temple |   3.6 |   3.5 |   4.0 |   0.0 |   0.0 |  24.0
               +-------+-------+-------+-------+-------+----------------------

Table legend:
 A = Kills in this place as a percentage of kills in entire the game.
 B = Kills by you in this place as a percentage of kills by you in the entire game.
 C = Kills by friends in this place as a percentage of kills by friends in the entire game.
 D = Other kills in this place as a percentage of other kills in the entire game.
 E = Experience gained in this place as a percentage of experience gained in the entire game.
 F = Experience gained in this place divided by the number of levels of this place that you have seen.
                   A       B       C       D       E      F
               +-------+-------+-------+-------+-------+----------------------
         Total | 100.0 | 100.0 |  -nan |  -nan | 100.0 |  91.5
       Dungeon | 100.0 | 100.0 |  -nan |  -nan | 100.0 | 109.8
               +-------+-------+-------+-------+-------+----------------------

Vault maps used:
D:1:      lemuel_arrival_behind_the_door_small, evilmike_ruin_ashenzari
D:2:      lemuel_zombie_altar_kikubaaqudgha,
          nicolae_dithmenos_through_a_glass_darkly, first_bread
D:3:      dk_noncrumbling_3, minmay_randomly_rotated_circles
D:4:      grunt_temple_overflow_open, serial_shops, shop, serial_glass,
          glass_columns_a, glass_columns_a, nicolae_elemental_shop
D:5:      kennysheep_spiral_hall, temple_fountains, chequers_ossuary_entry_cave,
          serial_shops, shop
Temple:   corrupted_temple
